 Dungeon Crawl Stone Soup version 0.23.1 (webtiles) character file.

Game seed: 0

220 Borgoz the Ducker (level 5, 0/42 HPs)
             Began as a Ghoul Enchanter on Mar 3, 2019.
             Slain by a scorpion (8 damage)
             ... on level 4 of the Dungeon.
             The game lasted 00:06:59 (2667 turns).

Borgoz the Ducker (Ghoul Enchanter)                 Turns: 2667, Time: 00:07:00

Health: 0/42       AC:  3    Str: 12    XL:     5   Next: 97%
Magic:  1/6        EV: 13    Int: 10    God:
Gold:   120        SH:  0    Dex: 10    Spells: 1/7 levels left

rFire    . . .     SeeInvis .   t - +2 short sword (vamp)
rCold    + . .     Gourm    .   (no shield)
rNeg     + + +     Faith    .   b - +0 robe
rPois    ∞         Spirit   .   (no helmet)
rElec    .         Reflect  .   c - +0 cloak (curse)
rCorr    .         Harm     .   (no gloves)
MR       .....                  (no boots)
Stlth    +.........             (no amulet)
HPRegen  0.00/turn              p - ring of attention (curse)
MPRegen  0.10/turn              (no ring)

@: very slightly contaminated, rotting
A: rotting body, claws 1, carnivore, cold resistance 1, negative energy
resistance 3, inhibited regeneration, torment resistance, unbreathing
a: no special abilities


You were on level 4 of the Dungeon.
You were not hungry.

You visited 1 branch of the dungeon, and saw 5 of its levels.

You collected 120 gold pieces.

Inventory:

Hand Weapons
 t - a +2 vampiric short sword (weapon)
Armour
 b - a +0 robe (worn)
 c - a cursed +0 cloak (worn)
Jewellery
 p - a cursed ring of attention (left claw)
Wands
 a - a wand of random effects (19)
Scrolls
 f - 7 scrolls of remove curse {unknown}
 h - a scroll of random uselessness {unknown}
 n - 6 scrolls of teleportation {unknown}
 o - a scroll of enchant weapon {unknown}
 q - 5 scrolls of identify {unknown}
 r - a scroll of fog {unknown}
 s - 3 scrolls of amnesia {unknown}
Potions
 e - a potion of cancellation
 g - 3 potions of curing
 i - a potion of haste
 j - a potion of heal wounds {unknown}
 k - a potion of might {unknown}
 l - a potion of magic {unknown}
 m - a potion of ambrosia {unknown}
Comestibles
 d - 6 rations


   Skills:
 + Level 2.3 Fighting
 * Level 2.9 Short Blades
 + Level 1.7 Armour
 * Level 3.4 Dodging
 - Level 3.2 Stealth
 - Level 1.7 Spellcasting
 - Level 2.4 Hexes


You had one spell level left.
You knew the following spells:

 Your Spells              Type           Power        Failure   Level  Hunger
a - Corona                Hex            #......      12%         1    ##.....
b - Ensorcelled Hibernat  Hex/Ice        #.....       30%         2    ###....
c - Confuse               Hex            #.......     34%         3    ####...

Your spell library contained the following spells:

 Spells                   Type           Power        Failure   Level  Hunger
 Tukima's Dance           Hex            #.......     34%         3    ####...
 Dazzling Spray           Conj/Hex       #.....       52%         3    ####...


Dungeon Overview and Level Annotations

Branches:
Dungeon (5/15)
 Temple: D:4-7

Altars:
Kikubaaqudgha
Xom

Annotations:
D:4 Pikel


Innate Abilities, Weirdness & Mutations

Your body is rotting away.
You thrive on raw meat.
You are immune to poison.
You have sharp fingernails.
You are carnivorous and can eat meat at any time.
Your flesh is cold resistant. (rC+)
You are immune to negative energy. (rN+++)
You do not regenerate when monsters are visible.
You are immune to unholy pain and torment.
You can survive without breathing.


Message History

You hit the scorpion but do no damage.
The scorpion is heavily wounded.
The scorpion barely misses you.
You barely miss the scorpion.
The scorpion is heavily wounded.
The scorpion stings you but does no damage.
You hit the scorpion but do no damage.
The scorpion is heavily wounded.
The scorpion stings you.
You hit the scorpion but do no damage.
The scorpion is heavily wounded.
The scorpion barely misses you.
You hit the scorpion.
The scorpion is severely wounded.
The scorpion stings you!
* * * LOW HITPOINT WARNING * * *
You hit the scorpion but do no damage.
The scorpion is severely wounded.
The scorpion stings you!
You die...

.#....÷..........................
.#...............................
.#...............................
.#...............................
.#...............................
##...##....####..###....>.###....
##...##....####..###+########....
.#..........#....#.........#.....
.#..........+...@s.........#.....
.#..........#....#.........#...(.
##...##.##.##...###......# ######
##...##.##.##+#####......###.
............ #...........
##.......... +...........
##........... #...........
#............ #...........
#............. #...........


You could see a scorpion.

Vanquished Creatures
  A scorpion (D:4)
  2 worker ants (D:4)
  3 adders
  2 oozes (D:1)
  A worm (D:4)
  4 dart slugs
  5 leopard geckos
  3 orcs (D:4)
  A ball python (D:3)
  6 giant cockroaches
  5 goblins
  6 hobgoblins
  10 jackals (D:2)
  2 quokkas (D:3)
  10 bats
  A frilled lizard (D:3)
  3 kobolds
  2 rats (D:1)
67 creatures vanquished.

Notes
Turn   | Place    | Note
-------+----------+-------------------------------------------
     0 | D:1      | Borgoz the Ghoul Enchanter began the quest for the Orb.
     0 | D:1      | Reached XP level 1. HP: 14/14 MP: 2/2
    49 | D:1      | Reached skill level 1 in Short Blades
    57 | D:1      | Reached XP level 2. HP: 9/22 MP: 3/3
   302 | D:1      | Reached XP level 3. HP: 15/26 MP: 4/4
   447 | D:1      | Reached skill level 1 in Fighting
   975 | D:2      | Found an ancient bone altar of Kikubaaqudgha.
  1045 | D:2      | Reached skill level 1 in Armour
  1092 | D:2      | Reached XP level 4. HP: 28/35 MP: 5/5
  1547 | D:3      | Found a shimmering altar of Xom.
  1811 | D:4      | Reached XP level 5. HP: 21/41 MP: 6/6
  2195 | D:5      | Entered Level 5 of the Dungeon
  2195 | D:5      | Noticed Pikel
  2195 | D:5      | Noticed a slave
  2195 | D:5      | Noticed a slave
  2195 | D:5      | Noticed a slave
  2195 | D:5      | Noticed a slave
  2410 | D:3      | Learned a level 2 spell: Ensorcelled Hibernation
  2414 | D:3      | Learned a level 3 spell: Confuse
  2667 | D:4      | Slain by a scorpion

Skill      XL: |  1  2  3  4 |
---------------+-------------+-----
Short Blades   | 1 2 |  2.9
Dodging        | 2 3 |  3.4
Fighting       | 1 2 |  2.3
Armour         | 1 |  1.7
Stealth        | |  3.2
Spellcasting   | |  1.7
Hexes          | |  2.4

Action                   |  1- 3 |  4- 6 || total
-------------------------+-------+-------++-------
Melee: Dagger            |   167 |    85 ||   252
       Short sword       |       |   120 ||   120
 Cast: Ensorcelled Hiber |       |     2 ||     2
  Use: Potion            |     2 |     1 ||     3
 Stab: Sleeping          |     3 |     2 ||     5
  Eat: Chunk             |    11 |    11 ||    22
Armor: Robe              |    40 |    30 ||    70
Dodge: Dodged            |   132 |   122 ||   254
